 Dungeon Crawl Stone Soup version 0.30.1-4-g462c640d31 (webtiles) character file.

Game seed: 2460860946947159374

186 Peloso the Covered (level 5, 51/51 HPs)
             Began as a Minotaur Fighter on Aug 18, 2023.
             Got out of the dungeon alive.
             The game lasted 00:02:10 (1790 turns).

Peloso the Covered (Minotaur Fighter)               Turns: 1790, Time: 00:02:11

Health: 51/51      AC:  7    Str: 21    XL:     5   Next: 38%
Magic:  4/4        EV:  9    Int:  5    God:
Gold:   127        SH:  5    Dex: 11    Spells: 4/4 levels left

rFire   . . .        a - +0 long sword
rCold   . . .        c - +0 buckler
rNeg    . . .        b - +0 scale mail
rPois   .            (helmet restricted)
rElec   .            (no cloak)
rCorr   .            (no gloves)
SInv    .            (no boots)
Will    .....        (no amulet) Stlth
                     (no ring)
HPRegen 0.28/turn    (no ring)
MPRegen 0.09/turn

%: no passive effects
@: no status effects
A: horns 2, retaliatory headbutt, robust 1, wild magic 1, evolution 1, inability
to drink after injury 1
a: no special abilities


You escaped.
You visited 1 branch of the dungeon, and saw 2 of its levels.

You collected 127 gold pieces.

Inventory:

Hand Weapons
 a - a +0 long sword (weapon)
Armour
 b - a +0 scale mail (worn)
 c - a +0 buckler (worn)
Scrolls
 f - a scroll of teleportation {unknown}
 i - a scroll of identify {unknown}
 j - a scroll of noise {unknown}
Potions
 d - 3 potions of might
 g - a potion of berserk rage
 k - a potion of brilliance {unknown}


   Skills:
 + Level 4.6 Fighting
 + Level 4.2 Long Blades
 + Level 4.8 Armour
 + Level 0.7 Dodging
 + Level 4.6 Shields


You had 4 spell levels left.
You didn't know any spells.
Your spell library was empty.

Dungeon Overview and Level Annotations

Branches:
Dungeon (2/15)

Altars:


Innate Abilities, Weirdness & Mutations

You have a pair of horns on your head.
You reflexively headbutt those who attack you in melee.
You are robust. (+10% HP)
Your spells are a little harder to cast, but a little more powerful.
You have hidden genetic potential.
You occasionally lose the ability to drink potions when taking damage.


Message History

a +0 club; a +0 sling
Things that are here:
a +0 short sword; 5 stones You see here a +0 club.
Done exploring.
Done exploring.
Done exploring.
Done exploring.
It was a potion of attraction.
You feel attractive to monsters.
It was a potion of berserk rage.
A red film seems to cover your vision as you go berserk!
You feel yourself moving faster!
You feel mighty!
You feel a strong urge to attack something.
You feel your anger nearly subside.
You are no longer berserk.
You are exhausted.
You feel yourself slow down.
You start waiting.
You feel less attractive to monsters.
You start waiting.
You feel yourself speed up.
It was a potion of mutation.
You feel extremely strange.
You feel robust.
You occasionally lose the ability to drink potions when taking damage.
You feel a hidden potential growing inside you.
You feel less in control of your magic.
Okay, then.
(D) Dungeon
Where to? (? - help)
What level of the Dungeon? (default 1, ? - help)
You recover from your berserk rage.
HP restored.
There is a stone staircase leading up here.
You climb upwards.
There is a stone staircase leading down here.
You enter the shallow water.
Moving in this stuff is going to be slow.
There is a staircase leading out of the dungeon here.
Are you sure you want to leave the Dungeon?
This will make you lose the game!
You have escaped!

#.## #### #..# #.###### #..#
#..### ##.## ###....#
##.###....####...####....#.#
#...##.....#..~..#.....##.#
###.##8..~....~....~..8##.#
#.###...~..~~~..~...###.#
#.##.....~~~~~~~.....##.#
#.#....~~~~...~~~~....#>#
#.#..~~~~~..@..~~~~~....# #
#.#....~~~~...~~~~....#######
#.##.....~~~~~~~.....###.....
#.###...~..~~~..~...###...###
#.##8..~....~....~..8#..^....
#.##.....#..~..#.....##...###
#.#....####...####....##.##
#....#######.#######..##.#
###.##.##.#..# #.# #####.#


There were no monsters in sight!

Vanquished Creatures
  Terence (D:2)
  Natasha (thrice) (D:2)
  4 adders (D:2)
  A gnoll (D:1)
  A worm (D:2)
  3 dart slugs
  3 ball pythons (D:2)
  5 bats
  An endoplasm (D:1)
  6 goblins
  2 hobgoblins (D:1)
  2 quokkas
  A frilled lizard (D:1)
  3 kobolds
  3 rats
39 creatures vanquished.

Notes
Turn   | Place    | Note
-------+----------+-------------------------------------------
     0 | D:1      | Peloso the Minotaur Fighter began the quest for the Orb.
     0 | D:1      | Reached XP level 1. HP: 19/19 MP: 0/0
   299 | D:1      | Reached XP level 2. HP: 27/27 MP: 1/1
   614 | D:1      | Reached XP level 3. HP: 32/33 MP: 2/2
  1080 | D:2      | Noticed Natasha
  1086 | D:2      | Killed Natasha
  1087 | D:2      | Reached XP level 4. HP: 37/41 MP: 3/3
  1283 | D:2      | Noticed Natasha
  1289 | D:2      | Killed Natasha
  1329 | D:2      | Noticed Terence
  1340 | D:2      | Killed Terence
  1341 | D:2      | Reached XP level 5. HP: 27/47 MP: 4/4
  1574 | D:2      | Noticed Natasha
  1580 | D:2      | Killed Natasha
  1750 | D:2      | Gained mutation: You are robust. (+10% HP) [potion of
                  | mutation]
  1750 | D:2      | Gained mutation: You occasionally lose the ability to drink
                  | potions when taking damage. [potion of mutation]
  1750 | D:2      | Gained mutation: You have hidden genetic potential. [potion
                  | of mutation]
  1750 | D:2      | Gained mutation: Your spells are a little harder to cast,
                  | but a little more powerful. [potion of mutation]
  1790 | D:$      | Got out of the dungeon alive.

Illustrated notes

Levels and vault maps discovered:
D:1:      eino_arrival_water_star, layout_loops_ring
D:2:      layout_basic, serial_corexii_hall, corexii_hall_statues_x,
          corexii_hall_statues_deadend, uniq_terence, uniq_natasha

Skill      XL: |  1  2  3  4  5 |
---------------+----------------+-----
Shields        | 4 |  4.6
Fighting       | 4 |  4.6
Armour         | 4 |  4.8
Long Blades    | 3 4 |  4.2
Dodging        | |  0.7

Action                     |  1- 3 |  4- 6 || total
---------------------------+-------+-------++-------
  Melee: Long sword        |    65 |    26 ||    91
         Headbutt          |    10 |     6 ||    16
    Use: Potion            |       |     3 ||     3
 Armour: Scale mail        |    44 |     9 ||    53
  Dodge: Dodged            |    34 |     9 ||    43
  Block: Buckler           |    20 |     8 ||    28
